 Dungeon Crawl Stone Soup version 0.25-a0-1024-gbfbf38f2cb (webtiles) character file.

Game seed: 1574721856588942039, levelgen mode: deterministic

174 Esekla the Skirmisher (level 5, -1/43 HPs)
             Began as a Formicid Abyssal Knight on May 12, 2020.
             Was a Believer of Lugonu.
             Killed by miscasting Vampiric Draining (5 damage)
             ... on level 3 of the Dungeon.
             The game lasted 00:20:33 (2506 turns).

Esekla the Skirmisher (Formicid Abyssal Knight)     Turns: 2506, Time: 00:20:33

Health: -1/43      AC:  4    Str: 16    XL:     5   Next: 84%
Magic:  3/6        EV: 11    Int: 13    God:    Lugonu [**....]
Gold:   155        SH:  0    Dex: 10    Spells: 2/6 levels left

rFire    . . .     SeeInvis +   a - +1 falchion
rCold    . . .     Gourm    .   (no shield)
rNeg     + . .     Faith    +   b - +0 leather armour
rPois    .         Spirit   .   (helmet unavailable)
rElec    .         Reflect  .   h - +0 cloak
rCorr    .         Harm     .   (no gloves)
MR       .....                  (no boots)
Stlth    +.........             v - amulet of faith
HPRegen  0.14/turn              k - ring of positive energy
MPRegen  0.10/turn              (no ring)

@: very slightly contaminated, lightly drained
A: permanent stasis, dig shafts and tunnels, four strong arms, antennae 3
a: Dig, Shaft Self, Depart the Abyss, Bend Space, Renounce Religion


You were on level 3 of the Dungeon.
You worshipped Lugonu.
Lugonu was pleased with you.
You were not hungry.

You visited 1 branch of the dungeon, and saw 4 of its levels.
You visited the Abyss 1 time.

You collected 155 gold pieces.

Inventory:

Hand Weapons
 a - a +1 falchion (weapon)
Missiles
 r - 6 poisoned darts (quivered)
Armour
 b - a +0 leather armour (worn)
 h - a +0 cloak (worn)
Jewellery
 k - a ring of positive energy (left hand)
 v - an amulet of faith (around neck)
Wands
 o - a wand of random effects (7)
 s - a wand of acid (6)
Scrolls
 d - 2 scrolls of amnesia {unknown}
 e - a scroll of random uselessness {unknown}
 f - a scroll of fog {unknown}
 i - 2 scrolls of magic mapping {unknown}
 l - a scroll of immolation {unknown}
 n - a scroll of remove curse {unknown}
 p - a scroll of identify
 q - a scroll of teleportation {unknown}
 x - a scroll of enchant armour {unknown}
Potions
 g - a potion of might {unknown}
 j - 3 potions of curing
 m - a potion of mutation
 t - 2 potions of invisibility
 w - a potion of flight
Comestibles
 c - 9 rations
 u - 2 chunks of flesh


   Skills:
 * Level 4.5(4.2) Fighting
 * Level 3.6(3.4) Long Blades
 + Level 2.7(2.4) Armour
 + Level 1.2(1.0) Dodging
 * Level 1.2(1.0) Spellcasting
 * Level 1.2(0.9) Necromancy
 + Level 2.3(2.1) Invocations


You had 2 spell levels left.
You knew the following spells:

 Your Spells              Type           Power        Failure   Level  Hunger
a - Pain                  Necr           #...         22%         1    ##.....
d - Vampiric Draining     Necr           #.........   56%         3    ####...

Your spell library contained the following spells:

 Spells                   Type           Power        Failure   Level  Hunger
 Animate Skeleton         Necr           N/A          22%         1    ##.....
 Animate Dead             Necr           N/A          92%         4    #####..
 Agony                    Necr           #.......     99%         5    ######.


Dungeon Overview and Level Annotations

Branches:
Dungeon (4/15)
 Temple: D:4-7

Altars:
Okawaru
Sif Muna


Innate Abilities, Weirdness & Mutations

You cannot be hasted, slowed, berserked, paralysed or teleported.
You can dig through walls and to a lower floor.
Your four strong arms can wield two-handed weapons with a shield.
You have a pair of large antennae on your head. (SInv)


Message History

The orc priest invokes the aid of Beogh against you.
Beogh smites you!
The orc priest invokes the aid of Beogh against you.
Beogh smites you!
* * * LOW HITPOINT WARNING * * *
The orc priest looks more healthy.
There is a stone staircase leading up here.
You hit the orc priest but do no damage.
The orc priest is severely wounded.
The orc priest hits you but does no damage.
Casting: Vampiric Draining (quite dangerous; 52% risk of failure)
Confirm with . or Enter, or press ? or * to list all spells.
The spell is quite dangerous to cast (52% risk of failure)!
Continue anyway?
Aiming: Vampiric Draining (quite dangerous; 52% risk of failure)
Press: ? - help, Shift-Dir - straight line, f/p - orc priest
Aim: an orc priest, wielding a +0 club and wearing a +0 chain mail (severely wounded)
You miscast Vampiric Draining.
You are very lightly contaminated with residual magic.
You feel very uncomfortable. You partially resist.
You feel drained.
You die...

........#### ##.....##
...........###.......##
........##............#
#......######.........####
.........................#
..................(......#
..........o##...((.......#
.......#....#............#
......###....>.o@.....####
........##.#[.........#
....##................#
....####..............#
.....###.....#.....<.###
.........#.............###
.........................#
.........#..###..........#
.........#.## ####.......#


You could see an orc priest.

Vanquished Creatures
  Jessica (D:2)
  A worker ant (D:4)
  4 adders
  An ufetubus (Abyss:3)
  2 oozes
  A worm (D:2)
  A dart slug (D:2)
  2 leopard geckos
  4 orcs
  3 ball pythons
  8 bats
  2 giant cockroaches (D:2)
  9 goblins
  5 hobgoblins
  2 quokkas (D:2)
  5 frilled lizards
  A jackal skeleton (D:3)
  8 kobolds
  A quokka skeleton (D:4)
  8 rats
69 creatures vanquished.

Notes
Turn   | Place    | Note
-------+----------+-------------------------------------------
     0 | Abyss:1  | Esekla the Formicid Abyssal Knight began the quest for the
                  | Orb.
     0 | Abyss:1  | Reached XP level 1. HP: 18/18 MP: 2/2
    26 | Abyss:1  | Found a corrupted altar of Lugonu.
    71 | Abyss:2  | Noticed a small abomination
   101 | Abyss:2  | Noticed an ancient zyme
   195 | Abyss:3  | Noticed a small abomination
   196 | Abyss:3  | Noticed a thrashing horror
   218 | D:1      | Escaped the Abyss
   239 | D:1      | Noticed a centaur
   248 | D:1      | Reached XP level 2. HP: 24/24 MP: 3/3
   255 | D:1      | Learned a level 1 spell: Pain
   341 | D:1      | Reached * piety under Lugonu
   511 | D:1      | Reached XP level 3. HP: 30/30 MP: 4/4
   577 | D:2      | Noticed Jessica
   587 | D:2      | Killed Jessica
   587 | D:2      | Reached skill level 4 in Fighting
   587 | D:2      | Reached XP level 4. HP: 33/37 MP: 5/5
   625 | D:2      | Found a shimmering blue altar of Sif Muna.
   634 | D:2      | Reached skill level 1 in Spellcasting
   863 | D:2      | Found an iron altar of Okawaru.
  1034 | D:2      | Reached XP level 5. HP: 39/43 MP: 6/6
  1074 | D:2      | Learned a level 3 spell: Vampiric Draining
  1239 | D:2      | Reached ** piety under Lugonu
  1524 | D:3      | Reached skill level 1 in Dodging
  1604 | D:2      | Reached skill level 1 in Necromancy
  2506 | D:3      | Killed by miscasting Vampiric Draining

Illustrated notes

Levels and vault maps discovered:
D:1:      evilmike_arrival_come_back, layout_rooms
D:2:      layout_loops_ring, nicolae_overflow_crystal_walls, lemuel_round_altar,
          hangedman_abyss_or_decor_stabs, fountainhead, minmay_tripent,
          uniq_jessica
D:3:      layout_rooms
D:4:      layout_gridville, lemuel_crystal_altar, vehumet_statue, serial_shops,
          kennysheep_mini, gammafunk_ghost_stat_death, first_ration,
          chequers_serial_rivers_large_b, chequers_serial_rivers_room_b

Skill      XL: |  1  2  3  4  5 |
---------------+----------------+-----
Fighting       | 4 |  4.5
Spellcasting   | 1 |  1.2
Long Blades    | 3 |  3.6
Dodging        | 1 |  1.2
Necromancy     | 1 |  1.2
Armour         | |  2.7
Invocations    | |  2.3

Action                   |  1- 3 |  4- 6 || total
-------------------------+-------+-------++-------
Melee: Falchion          |    35 |   160 ||   195
Throw: Dart              |       |    13 ||    13
 Cast: Vampiric Draining |       |     1 ||     1
Invok: Depart the Abyss  |     1 |       ||     1
       Bend Space        |       |     1 ||     1
  Use: Scroll            |       |     4 ||     4
 Stab: Sleeping          |     1 |       ||     1
  Eat: Chunk             |       |     6 ||     6
Armor: Leather armour    |     4 |    54 ||    58
Dodge: Dodged            |    13 |   108 ||   121
       Rpst.: Falchion   |     8 |    39 ||    47

Table legend:
 A = Non-vault XP
 B = Vault XP
 C = Vault XP percentage of total XP
 D = Non-vault monster count
 E = Vault monster count
 F = Vault count percentage of total count
                 A         B        C        D         E       F
            +---------+---------+-------+---------+---------+-------
      Total |     209 |      40 |  16.1 |      66 |       3 |   4.3
            +---------+---------+-------+---------+---------+-------
        D:1 |      28 |       0 |   0.0 |      17 |       0 |   0.0
        D:2 |      96 |      40 |  29.4 |      29 |       3 |   9.4
        D:3 |      41 |       0 |   0.0 |      16 |       0 |   0.0
        D:4 |      36 |       0 |   0.0 |       3 |       0 |   0.0
    Abyss:3 |       8 |       0 |   0.0 |       1 |       0 |   0.0
            +---------+---------+-------+---------+---------+-------
